Map: Emerald City LE

Players

Farflame

  • Race: Protoss Protoss
  • Spawn Location: 11:00

Foolishness

  • Race: Protoss Protoss
  • League: Diamond
  • Spawn Location: 11:00

Massa

  • Race: Terran Terran
  • League: Gold
  • Spawn Location: 5:00

qqq

  • Race: Protoss Protoss
  • League: Platinum
  • Spawn Location: 5:00

VOD

Have the link to the VOD?

Description

Time

  • Played on: Aug. 13, 2020, 10:57 a.m.
  • Length: 1:19
Show
View Real Time Build Order
Export as new Build Order

Farflame Protoss 

Build Orders:  

Get SALT Encoding   

  12  0:00  Probe  
  13  0:12  Probe  
  14  0:18  Pylon  
  14  0:25  Probe  
  15  0:37  Probe (Chrono Boost)  
  15  0:40  Gateway  
  16  0:49  Probe (Chrono Boost), Assimilator  
  17  0:56  Probe (Chrono Boost)  
  18  1:03  Probe  
  18  1:10  Pylon  
Show
View Real Time Build Order
Export as new Build Order

Foolishness Protoss 

Build Orders:  

Get SALT Encoding   

  12  0:00  Probe  
  13  0:13  Probe  
  14  0:20  Pylon  
  14  0:25  Probe  
  15  0:38  Probe (Chrono Boost)  
  15  0:40  Gateway  
  16  0:43  Assimilator  
  16  0:49  Probe (Chrono Boost)  
  17  0:54  Probe (Chrono Boost)  
  18  1:05  Probe  
  19  1:17  Assimilator  
Show
View Real Time Build Order
Export as new Build Order

Massa Terran 

Build Orders:  

Get SALT Encoding   

  12  0:01  SCV  
  13  0:13  SCV  
  14  0:23  Supply Depot  
  14  0:25  SCV  
  15  0:30  Refinery  
  15  0:45  SCV  
  15  0:46  Barracks  
  16  0:57  SCV  
Show
View Real Time Build Order
Export as new Build Order

qqq Protoss 

Build Orders:  

Get SALT Encoding   

  12  0:02  Probe  
  13  0:14  Probe  
  14  0:27  Pylon  
  14  0:28  Probe  
  15  0:45  Probe  
  15  0:47  Gateway  
  16  0:50  Pylon  
  16  0:57  Probe  
Tags
 
Add a new tag
Caveats
  • Supply blocks, unpowered buildings, or Contaminate may cause inaccurate times.
  • Supply counts are checked every 10 seconds.